 Dungeon Crawl Stone Soup version 0.28.0-53-g5a82cb258f (webtiles) character file.

Game seed: 13342086719189038160

77 DemonSlayer the Firebug (level 4, -2/30 HPs)
             Began as a Demonspawn Fire Elementalist on July 26, 2022.
             Slain by Sigmund
             ... wielding a +1 scythe of venom
              (6 damage)
             ... on level 3 of the Dungeon.
             The game lasted 00:03:29 (2744 turns).

DemonSlayer the Firebug (DsFE)                      Turns: 2744, Time: 00:03:29

Health: -2/30      AC:  3    Str:  8    XL:     4   Next: 14%
Magic:  3/7        EV: 12    Int: 19    God:
Gold:   75         SH:  0    Dex: 13    Spells: 1/7 levels left

rFire   . . .      SeeInvis .   b - +0 short sword
rCold   . . .      Faith    .   (no shield)
rNeg    . . .      Spirit   .   a - +0 robe
rPois   .          Reflect  .   (no helmet)
rElec   .          Harm     .   (no cloak)
rCorr   .          Rampage  .   e - +0 pair of gloves
Will    .....                   (no boots)
Stlth   +.........              (no amulet)
HPRegen 0.10/turn               (no ring)
MPRegen 0.10/turn               (no ring)

@: confused, lethally poisoned (-2 -> -5)
A: ignite blood 1, sturdy frame 1, demonic touch 1
a: no special abilities


You were on level 3 of the Dungeon.
You visited 1 branch of the dungeon, and saw 3 of its levels.

You collected 75 gold pieces.

Inventory:

Hand Weapons
 b - a +0 short sword (weapon)
Armour
 a - a +0 robe (worn)
 e - a +0 pair of gloves (worn)
Scrolls
 f - a scroll of identify {unknown}
 g - a scroll of enchant weapon {unknown}
 h - a scroll of fear {unknown}
 i - a scroll of fog {unknown}
Potions
 c - 2 potions of mutation {unknown}
 d - a potion of curing {unknown}


   Skills:
 + Level 0.2 Fighting
 + Level 0.3 Short Blades
 + Level 2.3 Dodging
 + Level 2.0 Stealth
 + Level 2.3 Spellcasting
 + Level 1.9 Conjurations
 + Level 3.4 Fire Magic


You had one spell level left.
You knew the following spells:

 Your Spells              Type           Power      Damage    Failure   Level
a - Foxfire               Conj/Fire      48%        2x1d6     5%          1
b - Scorch                Fire           30%        2d6       6%          2
c - Stone Arrow           Conj/Erth      10%        3d7       32%         3

Your spell library contained the following spells:

 Spells                   Type           Power      Damage    Failure   Level
 Conjure Flame            Conj/Fire      12%        6-21      16%         3
 Inner Flame              Hex/Fire       8%         N/A       24%         3
 Ozocubu's Armour         Ice            2%         N/A       43%         3
 Flame Wave               Conj/Fire      12%        2d6       47%         4
 Animate Armour           Summ/Erth      4%         N/A       85%         4
 Ozocubu's Refrigeration  Ice            1%         4d5       100%        7
 Lehudib's Crystal Spear  Conj/Erth      2%         10d2      100%        8


Dungeon Overview and Level Annotations

Branches:
Dungeon (3/15)

Altars:

Annotations:
D:3 Sigmund


Innate Abilities, Weirdness & Mutations

Your demonic aura sometimes causes spilled blood to erupt in flames.
Your movements are slightly less encumbered by armour. (ER -2)
Your touch may inflict minor irresistible damage on your foes.


Message History

The goblin shouts!
The foxfire hits the jackal but does no damage.
The jackal is almost dead.
The foxfire hits Sigmund.
Sigmund is heavily wounded.
The jackal bites you but does no damage.
The dart slug launches a dart at you. The slug dart hits you.
In your confused state, you trip and fall back down the stairs.
Sigmund hits you from afar with a +1 scythe of venom.
You are poisoned.
The jackal misses you.
Unknown command.
You feel very sick. The jackal bites you.
The jackal bites you but does no damage.
Sigmund is suddenly surrounded by pale blue light.
Sigmund closely misses you. The jackal barely misses you.
In your confused state, you trip and fall back down the stairs.
You feel sick. The jackal bites you.
* * * LOW HITPOINT WARNING * * *
The jackal barely misses you.
You feel less confused.
You feel sick. The jackal closely misses you.
Sigmund gestures at you while chanting.
You are confused.
The frilled lizard bites you but does no damage.
The jackal closely misses you.
The hobgoblin hits you but does no damage.
In your confused state, you trip and fall back down the stairs.
* * * LOW HITPOINT WARNING * * *
x2 You feel sick.
The jackal barely misses you. Sigmund closely misses you.
The jackal barely misses you. x2; The jackal closely misses you.
The frilled lizard barely misses you.
The hobgoblin hits you but does no damage.
You feel sick.
The jackal closely misses you. x2; The jackal misses you.
The goblin hits you with a +0 dagger.
* * * LOW HITPOINT WARNING * * *
Sigmund hits you from afar with a +1 scythe of venom.
You die...

.# ##.. +. ..'
. #.# .)# #
..###..#..###..
...#...#... .
....w..
....##ggl#.##.#
......<@.@....#
....##hhh#..###
. ...B.# #
:......#
.........#
.........#
.....#####
.....


You could see Sigmund (empowered), a dart slug, 3 jackals, a giant cockroach, a
hobgoblin, a goblin and a frilled lizard.

Vanquished Creatures
  2 adders (D:2)
  An adder skeleton (D:2)
  5 dart slugs
  A worm (D:2)
  4 ball pythons
  2 endoplasms (D:2)
  2 giant cockroaches
  4 goblins
  2 hobgoblins (D:2)
  2 jackals (D:1)
  4 kobolds
  4 quokkas
  4 bats (D:1)
  A frilled lizard (D:1)
  2 rats (D:1)
40 creatures vanquished.

Vanquished Creatures (others)
  199 foxfires
199 creatures vanquished.

Grand Total: 239 creatures vanquished

Notes
Turn   | Place    | Note
-------+----------+-------------------------------------------
     0 | D:1      | DemonSlayer the Demonspawn Fire Elementalist began the
                  | quest for the Orb.
     0 | D:1      | Reached XP level 1. HP: 13/13 MP: 3/3
   185 | D:1      | Reached skill level 3 in Fire Magic
   185 | D:1      | Gained mutation: Your movements are slightly less
                  | encumbered by armour. (ER -2) [demonic ancestry]
   185 | D:1      | Reached XP level 2. HP: 7/19 MP: 0/5
   188 | D:1      | Learned a level 2 spell: Scorch
   401 | D:1      | Found a faded altar of an unknown god.
  1348 | D:2      | Gained mutation: Your demonic aura sometimes causes spilled
                  | blood to erupt in flames. [demonic ancestry]
  1348 | D:2      | Reached XP level 3. HP: 24/24 MP: 1/6
  2216 | D:2      | Learned a level 3 spell: Stone Arrow
  2280 | D:2      | Gained mutation: Your touch may inflict minor irresistible
                  | damage on your foes. [demonic ancestry]
  2280 | D:2      | Reached XP level 4. HP: 30/30 MP: 3/7
  2732 | D:3      | Noticed Sigmund
  2744 | D:3      | Slain by Sigmund

Illustrated notes

Levels and vault maps discovered:
D:1:      dpeg_arrival_tiny_g, layout_rooms, nicolae_ecumenical_snake_handling,
          due_unseen_surprise
D:2:      layout_basic
D:3:      layout_basic, nicolae_uskayaw_suspiria,
          minmay_fractal_squares_diagonal_5, uniq_sigmund

Skill      XL: |  1  2  3 |
---------------+----------+-----
Dodging        | 2 |  2.3
Fire Magic     | 3 |  3.4
Stealth        | 2 |  2.0
Fighting       | |  0.2
Short Blades   | |  0.3
Spellcasting   | |  2.3
Conjurations   | |  1.9

Action                   |  1- 3 |  4- 6 || total
-------------------------+-------+-------++-------
Melee: Short sword       |    29 |     5 ||    34
       Touch             |       |     3 ||     3
 Cast: Foxfire           |    99 |    14 ||   113
 Stab: Sleeping          |       |     1 ||     1
Armor: Robe              |     7 |     5 ||    12
Dodge: Dodged            |    39 |    17 ||    56
